 Dungeon Crawl Stone Soup version 0.24.0-1-gfbc8707 (webtiles) character file.

Game seed: 9593768083167930020, levelgen mode: deterministic

347 Buxparty the Skirmisher (level 6, 0/48 HPs)
             Began as a Mummy Gladiator on Jan 7, 2020.
             Slain by an orc warrior
             ... wielding a +1 war axe of chopping
              (14 damage)
             ... on level 4 of the Dungeon.
             The game lasted 00:06:48 (3691 turns).

Buxparty the Skirmisher (Mummy Gladiator)           Turns: 3691, Time: 00:06:49

Health: 0/48       AC: 16    Str: 19    XL:     6   Next: 32%
Magic:  6/6        EV:  8    Int:  7    God:
Gold:   116        SH:  0    Dex: 14    Spells: 5/5 levels left

rFire    x . .     SeeInvis +   k - +2 dagger (protect)
rCold    + . .     Gourm    .   (no shield)
rNeg     + + +     Faith    .   g - +0 chain mail
rPois    ∞         Spirit   .   c - +0 helmet
rElec    .         Reflect  .   r - scarf {cloud immunity}
rCorr    .         Harm     .   (no gloves)
MR       .....                  (no boots)
Stlth    ..........             (no amulet)
HPRegen  0.16/turn              q - ring of see invisible
MPRegen  0.10/turn              (no ring)

@: protection aura
A: no food or potions, fire vulnerability, cold resistance 1, negative energy
resistance 3, torment resistance, unbreathing
a: no special abilities


You were on level 4 of the Dungeon.
You were not hungry.

You visited 1 branch of the dungeon, and saw 4 of its levels.

You collected 116 gold pieces.

Inventory:

Hand Weapons
 a - a +0 war axe
 k - a +2 dagger of protection (weapon)
Missiles
 d - 3 throwing nets (quivered)
 m - 5 atropa-tipped darts
Armour
 b - a +0 leather armour
 c - a +0 helmet (worn)
 g - a +0 chain mail (worn)
 r - a scarf of cloud immunity (worn)
Jewellery
 q - a ring of see invisible (left hand)
Wands
 l - a wand of polymorph (14)
Scrolls
 e - 3 scrolls of remove curse {unknown}
 f - 3 scrolls of fear {unknown}
 h - 4 scrolls of teleportation {unknown}
 i - a scroll of random uselessness {unknown}
 j - a scroll of noise {unknown}
 n - a scroll of identify {unknown}
 o - a scroll of enchant armour {unknown}
 p - a scroll of fog {unknown}


   Skills:
 + Level 4.0 Fighting
 * Level 3.0 Short Blades
 - Level 3.0 Axes
 - Level 1.5 Throwing
 + Level 2.3 Armour
 - Level 2.4 Dodging


You had 5 spell levels left.
You didn't know any spells.
Your spell library was empty.

Dungeon Overview and Level Annotations

Branches:
Dungeon (4/15)
 Temple: D:4-7

Altars:
Fedhas


Innate Abilities, Weirdness & Mutations

You do not eat or drink.
Your flesh is vulnerable to fire.
You are immune to poison.
Your flesh is cold resistant. (rC+)
You are immune to negative energy. (rN+++)
You are immune to unholy pain and torment.
You can survive without breathing.


Message History

You hit the orc warrior but do no damage.
The orc warrior hits you but does no damage.
You hit the orc warrior but do no damage.
The orc hits you but does no damage.
The orc warrior hits you with a +1 war axe of chopping!
You closely miss the orc warrior. The orc barely misses you.
You hit the orc warrior but do no damage.
The orc warrior hits you but does no damage.
The orc closely misses you.
You hit the orc warrior but do no damage.
The orc warrior hits you with a +1 war axe of chopping.
You barely miss the orc warrior. The orc hits you with a +0 flail.
* * * LOW HITPOINT WARNING * * *
You hit the orc warrior but do no damage.
The orc warrior hits you but does no damage.
The orc hits you but does no damage.
You hit the orc warrior.
The orc warrior is lightly wounded.
The orc warrior hits you with a +1 war axe of chopping!
You die...

#..##....>##....+
#..##.....##..$.#
#...............
#.........##...# ##
#..##..?..##...###.#
#<.##.....##.......#
#..##........†....>#
#..#........o......+
#..#........o@.##..#
#..#...........#####
#..+...............##+###
######....##.......#....#
.#########...##..##...#
.............##..##..#####
.............#.......##..# .
.............+...........##.
.#....<##...#.....).....##.


You could see an orc warrior and an orc.

Vanquished Creatures
  A scorpion (D:4)
  2 orc priests (D:3)
  3 orc wizards (D:3)
  9 adders
  4 dart slugs
  A leopard gecko (D:2)
  9 orcs
  7 bats
  A giant cockroach (D:1)
  15 goblins
  5 hobgoblins
  A quokka (D:3)
  5 frilled lizards
  6 kobolds
  5 rats
74 creatures vanquished.

Notes
Turn   | Place    | Note
-------+----------+-------------------------------------------
     0 | D:1      | Buxparty the Mummy Gladiator began the quest for the Orb.
     0 | D:1      | Reached XP level 1. HP: 16/16 MP: 1/1
     6 | D:1      | Noticed a komodo dragon
     6 | D:1      | Noticed a water moccasin
     6 | D:1      | Noticed a wolf
     6 | D:1      | Noticed a wyvern
   261 | D:1      | Reached XP level 2. HP: 19/23 MP: 2/2
   866 | D:2      | Reached XP level 3. HP: 11/28 MP: 3/3
  1201 | D:2      | Reached skill level 1 in Armour
  1225 | D:2      | Found a blossoming altar of Fedhas.
  1235 | D:2      | Reached skill level 3 in Fighting
  1274 | D:2      | Found a faded altar of an unknown god.
  1282 | D:2      | Reached XP level 4. HP: 29/35 MP: 4/4
  1491 | D:2      | Reached skill level 1 in Short Blades
  2189 | D:3      | Reached XP level 5. HP: 24/41 MP: 5/5
  3134 | D:3      | HP: 2/42 [something (3)]
  3135 | D:3      | Reached XP level 6. HP: 2/48 MP: 6/6
  3553 | D:4      | Noticed an orc warrior
  3648 | D:4      | Reached skill level 4 in Fighting
  3691 | D:4      | Slain by an orc warrior

Levels and vault maps discovered:
D:1:      onia_arrival_zoo_common, layout_loops_ring, minivault_4
D:2:      layout_basic, chequers_ecumenical_altar_lobes, fedhas_altar_1
D:3:      layout_basic, kennysheep_generic_room_12
D:4:      layout_gridville, nicolae_tso_carved_into_rock

Skill      XL: |  1  2  3  4  5  6 |
---------------+-------------------+-----
Axes           | 3 |  3.0
Armour         | 1 2 |  2.3
Fighting       | 3 4 |  4.0
Short Blades   | 1 2 3 |  3.0
Throwing       | |  1.5
Dodging        | |  2.4

Action                   |  1- 3 |  4- 6 || total
-------------------------+-------+-------++-------
Melee: War axe           |    87 |       ||    87
       Dagger            |    31 |   292 ||   323
Armor: Leather armour    |    27 |       ||    27
       Chain mail        |    40 |   169 ||   209
Dodge: Dodged            |    75 |   111 ||   186
